 Dungeon Crawl Stone Soup version 0.26-a0-1120-ga1b6d6f (webtiles) character file.

Game seed: 15504802186418656428

1460 Kalegnar the Zephyrmancer (level 8, -7/41 HPs)
             Began as a Tengu Air Elementalist on Dec 16, 2020.
             Was a Believer of Vehumet.
             Hit by a boomerang thrown by an orc warrior (14 damage)
             ... on level 6 of the Dungeon on Dec 17, 2020.
             The game lasted 00:26:34 (6511 turns).

Kalegnar the Zephyrmancer (Tengu Air Elementalist)  Turns: 6511, Time: 00:26:34

Health: -7/41      AC:  5    Str:  9    XL:     8   Next: 76%
Magic:  10/13      EV: 13    Int: 17    God:    Vehumet [**....]
Gold:   385        SH:  0    Dex: 15    Spells: 1/13 levels left

rFire    . . .     SeeInvis .   u - staff of conjuration
rCold    + . .     Faith    .   (no shield)
rNeg     . . .     Spirit   .   a - +0 robe
rPois    .         Reflect  .   (helmet restricted)
rElec    .         Harm     .   d - +2 cloak
rCorr    .         Rampage  .   (no gloves)
Will     .....                  (boots unavailable)
Stlth    +++.......             (no amulet)
HPRegen  0.13/turn              i - ring of protection from cold
MPRegen  0.13/turn              x - ring of stealth

@: no status effects
A: beak, talons 3, able to fly
a: Fly, Renounce Religion


You were on level 6 of the Dungeon.
You worshipped Vehumet.
Vehumet was pleased with you.
You visited 1 branch of the dungeon, and saw 6 of its levels.

You collected 385 gold pieces.

Inventory:

Hand Weapons
 b - a +0 dagger
Missiles
 c - 16 poisoned darts
Armour
 a - a +0 robe (worn)
 d - a +2 cloak (worn)
Magical Staves
 u - an uncursed staff of conjuration (weapon)
Jewellery
 i - a ring of protection from cold (left hand)
 v - an uncursed ring of protection from cold
 x - a ring of stealth (right hand)
Wands
 p - a wand of flame (15)
Scrolls
 e - 5 scrolls of amnesia
 f - a scroll of enchant armour {unknown}
 h - 2 scrolls of immolation
 j - a scroll of fog {unknown}
 l - a scroll of magic mapping
 m - 3 scrolls of remove curse
 n - 6 scrolls of teleportation {unknown}
 q - a scroll of fear {unknown}
 w - 2 scrolls of blinking {unknown}
 y - a scroll of enchant weapon {unknown}
Potions
 g - 4 potions of mutation
 k - 2 potions of resistance
 o - a potion of invisibility
 r - 4 potions of heal wounds
 s - a potion of curing {unknown}
 t - a potion of ambrosia {unknown}
 z - 2 potions of attraction {unknown}
 A - a potion of brilliance {unknown}


   Skills:
 - Level 1.9 Short Blades
 + Level 3.5 Staves
 - Level 2.1 Dodging
 - Level 2.0 Stealth
 - Level 3.0 Spellcasting
 + Level 8.1 Conjurations
 + Level 9.0 Air Magic
 + Level 3.1 Evocations


You had one spell level left.
You knew the following spells:

 Your Spells              Type           Power        Failure   Level
a - Shock                 Conj/Air       100%         1%          1
b - Swiftness             Air            33%          1%          2
c - Static Discharge      Conj/Air       47%          1%          3
d - Airstrike             Air            16%          4%          4
e - Searing Ray           Conj           90%          1%          2

Your spell library contained the following spells:

 Spells                   Type           Power        Failure   Level
 Lightning Bolt           Conj/Air       23%          14%         5


Dungeon Overview and Level Annotations

Branches:
Dungeon (6/15)             Temple (0/1) D:6

Altars:
Dithmenos
Fedhas
Gozag
Kikubaaqudgha
Makhleb
Nemelex Xobeh
Ru
Trog
Uskayaw
Vehumet
Yredelemnul
The Shining One

Shops:
D:5 [


Innate Abilities, Weirdness & Mutations

You have a beak for a mouth.
You have claws for feet.
You can fly continuously.


Message History

Casting: Shock (safe; 1% risk of failure)
Confirm with . or Enter, or press ? or * to list all spells.
Aiming: Airstrike (dangerous; 4% risk of failure)
Press: ? - help, Dir - move target, f - orc warrior
Aim: an orc warrior, wielding a +0 trident, wearing a +0 chain mail and quivering 8 boomerangs The air twists around and strikes the orc warrior!
The orc warrior is moderately wounded.
The orc warrior throws a boomerang.
The boomerang barely misses you.
The weapon returns to the orc warrior!
An orc comes into view. It is wielding a +0 club.
The orc warrior throws a boomerang.
The boomerang barely misses you.
The weapon returns to the orc warrior!
The orc warrior throws a boomerang.
The boomerang hits you!
The weapon returns to the orc warrior!
The orc warrior throws a boomerang.
The boomerang hits you!!
Ouch! That really hurt!
* * * LOW HITPOINT WARNING * * *
The weapon returns to the orc warrior!
The orc warrior throws a boomerang.
The boomerang hits you!
You die...

#..........# ####
#.########.. ...#
.#
...##############.#
..................#
......≈≈≈≈≈.......#
....≈≈≈≈≈≈≈≈≈.....#
..≈≈≈≈≈≈≈≈≈≈≈≈≈...#
.≈≈≈≈≈≈/..≈≈≈≈≈≈@##
.≈≈≈≈≈≈.>.≈≈≈≈≈≈.#
.≈≈≈≈≈≈...≈≈≈≈≈≈.#
.≈≈≈≈≈≈≈≈≈≈≈≈≈≈≈.#
≈≈≈≈≈≈≈≈≈≈..#
≈≈≈≈≈≈≈≈....####
.≈≈≈≈≈...........
..o.o...........$
o.##..####.......#


You could see an orc warrior.

Vanquished Creatures
  Grinder (D:5)
  Edmund (D:5)
  An ice beast (D:5)
  An ogre (D:5)
  4 bullfrogs (D:6)
  A centaur zombie (D:5)
  A quasit (D:6)
  A gnoll shaman (D:5)
  4 orc priests
  4 orc wizards
  2 worker ants (D:4)
  Robin (D:2)
  6 adders
  13 gnolls
  2 howler monkey skeletons
  A white imp (D:6)
  An ufetubus (D:5)
  2 oozes
  3 worms
  A dart slug (D:3)
  2 leopard geckos
  20 orcs
  7 bats
  9 giant cockroaches
  14 goblins
  8 hobgoblins
  7 jackals
  A quokka (D:4)
  3 frilled lizards
  8 kobolds
  2 leopard gecko skeletons (D:4)
  7 rats
139 creatures vanquished.

Vanquished Creatures (others)
  A fungus (D:4)
  3 plants (D:4)
  5 toadstools (D:4)
9 creatures vanquished.

Grand Total: 148 creatures vanquished

Notes
Turn   | Place    | Note
-------+----------+-------------------------------------------
     0 | D:1      | Kalegnar the Tengu Air Elementalist began the quest for the
                  | Orb.
     0 | D:1      | Reached XP level 1. HP: 10/10 MP: 4/4
   138 | D:1      | Reached XP level 2. HP: 13/15 MP: 3/6
   145 | D:1      | Learned a level 2 spell: Swiftness
   750 | D:2      | Found a burning altar of Makhleb.
   786 | D:2      | Reached XP level 3. HP: 19/19 MP: 5/7
   796 | D:2      | Learned a level 3 spell: Static Discharge
   920 | D:2      | Found a sparkling altar of Nemelex Xobeh.
  1203 | D:2      | Found a bloodstained altar of Trog.
  1203 | D:2      | Found a hide-covered altar of Uskayaw.
  1346 | D:2      | Reached XP level 4. HP: 24/24 MP: 7/9
  1464 | D:2      | Reached skill level 5 in Air Magic
  1473 | D:2      | Noticed Robin
  1483 | D:2      | Killed Robin
  2198 | D:3      | Gained mutation: You can fly continuously. [Tengu growth]
  2198 | D:3      | Reached XP level 5. HP: 20/28 MP: 5/10
  2314 | D:3      | Found a radiant altar of Vehumet.
  2320 | D:3      | Became a worshipper of Vehumet
  2619 | D:3      | Found a faded altar of an unknown god.
  2722 | D:3      | Reached skill level 6 in Air Magic
  2866 | D:3      | Reached XP level 6. HP: 19/32 MP: 8/11
  3007 | D:3      | Found a shadowy altar of Dithmenos.
  3345 | D:4      | Reached skill level 5 in Conjurations
  3349 | D:4      | Found a blossoming altar of Fedhas.
  3355 | D:4      | Learned a level 4 spell: Airstrike
  3782 | D:4      | Reached skill level 7 in Air Magic
  3787 | D:4      | Reached * piety under Vehumet
  3787 | D:4      | Offered knowledge of Magic Dart by Vehumet.
  4108 | D:4      | Reached XP level 7. HP: 36/36 MP: 8/12
  4441 | D:4      | Reached skill level 1 in Short Blades
  4478 | D:4      | Found an ancient bone altar of Kikubaaqudgha.
  4497 | D:4      | Found a glowing golden altar of the Shining One.
  4579 | D:4      | Found a basalt altar of Yredelemnul.
  4581 | D:4      | Noticed a profane servitor
  4768 | D:4      | Noticed an angel
  4795 | D:5      | Entered Level 5 of the Dungeon
  4968 | D:5      | Found a sacrificial altar of Ru.
  5106 | D:5      | Noticed Grinder
  5117 | D:5      | Found Tenuxke's Armour Shoppe.
  5135 | D:5      | Reached skill level 1 in Staves
  5135 | D:5      | Reached skill level 8 in Air Magic
  5135 | D:5      | Reached skill level 1 in Evocations
  5311 | D:5      | Noticed Edmund
  5327 | D:5      | Killed Grinder
  5328 | D:5      | Reached XP level 8. HP: 41/41 MP: 7/13
  5384 | D:5      | Killed Edmund
  5988 | D:6      | Found an opulent altar of Gozag.
  6297 | D:6      | Reached skill level 9 in Air Magic
  6301 | D:6      | Reached ** piety under Vehumet
  6304 | D:6      | Offered knowledge of Searing Ray by Vehumet.
  6371 | D:6      | Learned a level 2 spell: Searing Ray
  6475 | D:6      | Found a staircase to the Ecumenical Temple.
  6511 | D:6      | Hit by a boomerang thrown by an orc warrior

Illustrated notes

Levels and vault maps discovered:
D:1:      saegor_arrival_simple_e, layout_rooms, minmay_hexomino_f4
D:2:      layout_basic, gammafunk_temple_overflow_elements,
          lemuel_crystal_altar, nemelex_altar_shiori, uniq_robin
D:3:      layout_basic, old_standard_altar, overflow_temple_1_default,
          chequers_ecumenical_altar_simple_redux,
          minmay_fractal_squares_gapless_5
D:4:      layout_basic, fedhas_ov_isle_minmay, grunt_temple_overflow_holy_war,
          kiku_gazebo_pond_becter, minmay_gold_behind_fungi,
          hangedman_decor_growths
D:5:      layout_rooms, nicolae_ru_awakened_eye, serial_shops, shop,
          kennysheep_generic_room_7, uniq_grinder, uniq_edmund
D:6:      layout_basic, grunt_gozag_statues, temple_pool_b,
          serial_bayou_crossing

Skill      XL: |  1  2  3  4  5  6  7  8 |
---------------+-------------------------+-----
Conjurations   | 2 3 4 6 7 8 |  8.1
Air Magic      | 5 6 7 8 9 |  9.0
Spellcasting   | 3 |  3.0
Short Blades   | 1 |  1.9
Staves         | 2 3 |  3.5
Evocations     | 1 3 |  3.1
Dodging        | |  2.1
Stealth        | |  2.0

Action                   |  1- 3 |  4- 6 |  7- 9 || total
-------------------------+-------+-------+-------++-------
Melee: Unarmed           |     3 |       |       ||     3
       Kick              |     7 |     5 |     6 ||    18
       Dagger            |    27 |    31 |    29 ||    87
       Peck              |     1 |     3 |     7 ||    11
       Staff             |       |       |    11 ||    11
 Cast: Shock             |    30 |   110 |    92 ||   232
       Static Discharge  |       |     2 |     2 ||     4
       Airstrike         |       |       |     1 ||     1
  Use: Scroll            |       |     9 |       ||     9
 Stab: Sleeping          |     2 |     3 |       ||     5
Armor: Robe              |     6 |    11 |    21 ||    38
Dodge: Dodged            |    20 |    39 |    56 ||   115

Table legend: (Time is in decaauts)
 A = Elapsed time spent in this place.
 B = Non-inter-level travel time spent in this place.
 C = Inter-level travel time spent in this place.
 D = Time resting spent in this place.
 E = Time spent auto-exploring this place.
 F = Levels seen in this place.
 G = Mean time per level.
                   A        B        C        D        E       F      G
               +--------+--------+--------+--------+--------+-----+--------+
         Total |   6509 |   6278 |    231 |    666 |   4683 |   6 | 1084.8 |
       Dungeon |   6509 |   6278 |    231 |    666 |   4683 |   6 | 1084.8 |
               +--------+--------+--------+--------+--------+-----+--------+

Top non-repeatable levels by time:
     D:3: 1519 daAuts
     D:2: 1288 daAuts
     D:4: 1264 daAuts
     D:5: 1182 daAuts
     D:1: 721 daAuts
     D:6: 532 daAuts
